 Dungeon Crawl Stone Soup version 0.32-a0-768-g0f6f1dd4b9 (webtiles) character file.

Game seed: 17252229874272026077

760 ezpacito the Chopper (level 7, -10/55 HPs)
             Began as a Coglin Chaos Knight on Mar 18, 2024.
             Was a Plaything of Xom.
             Blown up by Ijyb (18 damage)
             ... with a mindburst bolt
             ... on level 5 of the Dungeon.
             The game lasted 00:04:34 (4059 turns).

ezpacito the Chopper (Coglin Chaos Knight)          Turns: 4059, Time: 00:04:35

Health: -10/55     AC:  8    Str: 22    XL:     7   Next: 80%
Magic:  9/9        EV: 13    Int: 14    God:    Xom [......]
Gold:   25         SH:  0    Dex: 21    Spells: 9/9 levels left

rFire   . . .        t - +4 short sword of Nem Iky {heavy, *Rage Str+4}
rCold   . . .        a - +0 hand axe (chaos) {Jacinta}
rNeg    . . .        i - +4 robe of Augmentation {Str+4 Int+4 Dex+4}
rPois   .            r - +0 helmet
rElec   .            (no cloak)
rCorr   .            h - +0 pair of gloves
SInv    .            (no boots)
Will    .....        (amulet unavailable)
Stlth   ++           (ring unavailable)
HPRegen 0.29/turn    (ring unavailable)
MPRegen 0.11/turn    (no gizmo)

%: random rage (20%)
@: on berserk cooldown, slowed, very slow
A: off-hand wielding, slow wielding, warmup strikes, no jewellery, agile 1,
deterioration 1
a: Invent Gizmo, Renounce Religion


You were on level 5 of the Dungeon.
You worshipped Xom.
You were a very special plaything of Xom.
You visited 1 branch of the dungeon, and saw 5 of its levels.

You collected 200 gold pieces.
You spent 175 gold pieces at shops.

Inventory:

Hand Weapons
 a - a +0 hand axe of chaos (offhand) {Jacinta}
 m - a +0 war axe {Bastian}
 t - the +4 short sword of Nem Iky (weapon) {heavy, *Rage Str+4}
   (You found it on level 3 of the Dungeon)

   Str+4:     It affects your strength (+4).
   *Rage:     It berserks you when you make melee attacks (+20% chance).
 x - a +0 dagger of chaos
Missiles
 w - 3 boomerangs (quivered)
Armour
 h - a +0 pair of gloves (worn)
 i - the +4 robe of Augmentation (worn) {Str+4 Int+4 Dex+4}
   (You found it on level 4 of the Dungeon)

   Str+4:     It affects your strength (+4).
   Int+4:     It affects your intelligence (+4).
   Dex+4:     It affects your dexterity (+4).
 k - a +0 plate armour
 r - a +0 helmet (worn)
Scrolls
 c - a scroll of butterflies
 g - a scroll of fear
 j - 2 scrolls of teleportation {unknown}
 o - 2 scrolls of vulnerability {unknown}
 s - 3 scrolls of noise
 v - a scroll of enchant armour
Potions
 b - a potion of degeneration {unknown}
 d - a potion of lignification {unknown}
 e - 3 potions of brilliance
 f - a potion of mutation {unknown}
 l - 2 potions of heal wounds
 n - a potion of resistance
 p - 2 potions of enlightenment
 q - a potion of curing
 u - a potion of attraction


   Skills:
 * Level 4.5 Fighting
 * Level 4.6(4.9) Axes
 + Level 1.9(3.3) Polearms
 * Level 3.6 Armour
 * Level 3.2 Dodging
 + Level 1.9 Stealth
 + Level 1.8 Spellcasting


You had 9 spell levels left.
You didn't know any spells.
Your spell library contained the following spells:

 Spells                   Type           Power      Damage    Failure   Level
 Inner Flame              Hex/Fire       1%         N/A       58%         3
 Irradiate                Conj/Alch      0%         3d11      100%        5
 Ignition                 Fire           0%         3d3       100%        8


Dungeon Overview and Level Annotations

Branches:
Dungeon (5/15)             Temple (0/1) D:4

Altars:
Ru
Xom

Shops:
D:4 ?

Annotations:
D:5 Ijyb


Innate Abilities, Weirdness & Mutations

You can wield a second weapon in your off-hand.
It takes a long time for you to wield or remove held weapons.
Your first few attacks do less damage.
You cannot equip rings or amulets.
You are agile. (Dex +4, Str/Int -1)
Your body sometimes deteriorates upon taking damage.


Message History

The crocodile drags you backwards!
You take 3 damage, and have 12/82 hp.
You barely miss the crocodile with the +4 short sword of Nem Iky.
The crocodile is heavily wounded.
You barely miss the crocodile with your +0 hand axe of chaos.
You closely miss the orc wizard with your +0 hand axe of chaos.
The orc wizard hits you but does no damage.
You puncture the crocodile with the +4 short sword of Nem Iky!
The crocodile is almost dead.
You closely miss the crocodile with your +0 hand axe of chaos.
You barely miss the orc wizard with your +0 hand axe of chaos.
The crocodile bites you but does no damage.
The orc wizard closely misses you.
You puncture the orc wizard with the +4 short sword of Nem Iky!
You kill the orc wizard!
You closely miss the crocodile with your +0 hand axe of chaos.
The crocodile bites you.
* * * LOW HITPOINT WARNING * * *
The crocodile drags you backwards!
You take 6 damage, and have 7/82 hp.
You slash the crocodile with your +0 hand axe of chaos!
You kill the crocodile!
You feel your strength returning.
You start resting.
You feel a strong urge to attack something.
You are no longer berserk.
You are exhausted.
You feel yourself slow down.
A hound comes into view.
You now have 5/55 hp.
A hound is nearby!
The sentinel's mark upon you fades away.
The hound closely misses you.
An iguana comes into view.
The hound bites you but does no damage.
Ijyb the Inquisitive comes into view.
She is wielding a +0 club and carrying a wand of mindburst.
Ijyb zaps a wand.
Your mind is blasted!
You die...
Ijyb moans, "Good help so hard to find!"
Xom chuckles heartily!

##..)......)l.# #..
#..#(...))g##.)..# #..#
...........).....##...#
#...........#.........##
...........#........>.(#
#$........##..........##
.!........###..........#
##..###..## ###.h.......
### #.## ##@....... ###
#......... #.........
##<.#...## ########


You could see Ijyb and a hound.

Vanquished Creatures
  Grinder (D:4)
  A crocodile (D:5)
  A phantom (D:4)
  2 orc priests
  2 iguanas (D:5)
  3 orc wizards
  Robin (D:2)
  3 gnolls (D:2)
  11 adders
  2 ribbon worms (D:3)
  8 orcs
  5 ball pythons
  7 endoplasms
  3 giant cockroaches
  16 goblins
  8 hobgoblins
  4 jackals (D:1)
  4 kobolds
  6 quokkas
  8 bats
  4 frilled lizards
  3 rats
103 creatures vanquished.

Notes
Turn   | Place    | Note
-------+----------+-------------------------------------------
     0 | D:1      | ezpacito the Coglin Chaos Knight began the quest for the
                  | Orb.
     0 | D:1      | Reached XP level 1. HP: 18/18 MP: 1/1
    19 | D:1      | Reached skill level 1 in Dodging
   106 | D:1      | Reached XP level 2. HP: 23/24 MP: 2/2
   136 | D:1      | XOM: divination: magic mapping
   377 | D:1      | Reached XP level 3. HP: 29/29 MP: 3/3
   863 | D:2      | Reached XP level 4. HP: 33/35 MP: 5/5
   974 | D:2      | XOM: smoke on damage
  1033 | D:2      | Reached skill level 1 in Spellcasting
  1059 | D:2      | Noticed Robin
  1063 | D:2      | XOM: silly message
  1068 | D:2      | Reached XP level 5. HP: 28/41 MP: 6/6
  1071 | D:2      | Killed Robin
  1216 | D:2      | Reached skill level 1 in Polearms
  1244 | D:2      | XOM: scenery: create altars
  1740 | D:2      | Identified the ring "Mokket" {Wiz Str+5}
  1908 | D:2      | XOM: silly message
  2101 | D:3      | XOM: divination: detect items
  2245 | D:3      | Identified the +4 short sword of Nem Iky {heavy, *Rage
                  | Str+4}
  2417 | D:3      | Reached skill level 1 in Stealth
  2484 | D:3      | XOM: scenery: 1 doors open
  2669 | D:3      | XOM: noise
  2978 | D:3      | XOM is BORED!
  3063 | D:4      | Found a sacrificial altar of Ru.
  3064 | D:4      | XOM: repel stairs
  3223 | D:4      | Reached XP level 6. HP: 48/48 MP: 7/7
  3235 | D:4      | Found Piamurog's Magic Scroll Shop.
  3239 | D:4      | Bought a scroll of enchant armour for 105 gold pieces
  3239 | D:4      | Bought a scroll of identify for 28 gold pieces
  3239 | D:4      | Bought a scroll of identify for 28 gold pieces
  3239 | D:4      | Bought a scroll of noise for 14 gold pieces
  3304 | D:4      | Noticed Grinder
  3304 | D:4      | XOM: chaos upgrade
  3308 | D:4      | Paralysed by Grinder for 3 turns
  3311 | D:4      | XOM: cleaving
  3318 | D:4      | Killed Grinder
  3319 | D:4      | Reached XP level 7. HP: 54/54 MP: 7/9
  3389 | D:4      | Found the +4 robe of Augmentation {Str+4 Int+4 Dex+4}
  3505 | D:4      | XOM: 2-stop teleportation journey
  3555 | D:4      | Found a staircase to the Ecumenical Temple.
  3688 | D:4      | XOM: give mutations
  3688 | D:4      | Gained mutation: Your body sometimes deteriorates upon
                  | taking damage. [Xom's mischief]
  3688 | D:4      | Gained mutation: You are agile. (Dex +4, Str/Int -1) [Xom's
                  | mischief]
  3845 | D:4      | XOM: summons 1 hostile demon
  3982 | D:5      | Entered Level 5 of the Dungeon
  4043 | D:5      | XOM: polymorph centaur -> crocodile
  4059 | D:5      | Noticed Ijyb
  4059 | D:5      | Blown up by Ijyb

Illustrated notes

Levels and vault maps discovered:
D:1:      nzn_arrival_crosshair, layout_loops_ring
D:2:      layout_basic, minmay_tromino_mix6, uniq_robin
D:3:      layout_loops_corners, chequers_serial_rivers_small_b
D:4:      layout_basic, nicolae_ru_sacrificial_ziggurat, temple_statues,
          serial_shops, nicolae_shop_rolled_up, uniq_grinder
D:5:      layout_cave_pools, fedhas_altar_decomposition,
          ebering_ghost_rock_garden, st_stairs_6, chequers_mini_garden,
          kennysheep_minor_cross, serial_bayou_lagoon_a, uniq_ijyb

Skill      XL: |  1  2  3  4  5  6  7 |
---------------+----------------------+-----
Dodging        | 1 2 3 |  3.2
Armour         | 2 3 |  3.6
Spellcasting   | 1 |  1.8
Polearms       | 1 |  1.9
Stealth        | 1 |  1.9
Axes           | 4 |  4.6
Fighting       | 4 |  4.5

Action                     |  1- 3 |  4- 6 |  7- 9 || total
---------------------------+-------+-------+-------++-------
  Melee: Hand axe          |    80 |    90 |    24 ||   194
         Dagger            |    65 |       |       ||    65
         War axe           |       |    45 |       ||    45
         Short sword       |       |    46 |    22 ||    68
    Use: Scroll            |       |     7 |     1 ||     8
         Potion            |       |     1 |       ||     1
   Stab: Paralysed         |     1 |     1 |       ||     2
         Confused          |       |     1 |       ||     1
 Armour: Leather armour    |    50 |   102 |     3 ||   155
         Robe              |       |       |    25 ||    25
  Dodge: Dodged            |    40 |    67 |    20 ||   127

Table legend: (Time is in decaauts)
 A = Elapsed time spent in this place.
 B = Non-inter-level travel time spent in this place.
 C = Inter-level travel time spent in this place.
 D = Time resting spent in this place.
 E = Time spent auto-exploring this place.
 F = Levels seen in this place.
 G = Mean time per level.
                   A        B        C        D        E       F      G
               +--------+--------+--------+--------+--------+-----+--------+
         Total |   4203 |   3899 |    304 |    133 |   3053 |   5 |  840.6 |
       Dungeon |   4203 |   3899 |    304 |    133 |   3053 |   5 |  840.6 |
               +--------+--------+--------+--------+--------+-----+--------+

Top non-repeatable levels by time:
     D:2: 1258 daAuts
     D:4: 1072 daAuts
     D:3: 1031 daAuts
     D:1: 788 daAuts
     D:5: 52 daAuts
